[Event "1000 GM Labor Day Super Swiss 2024"]
[Site "San Jose"]
[Date "2024.09.02"]
[Round "6.1"]
[White "Cordova, Emilio"]
[Black "Schitco, Ivan"]
[Result "1-0"]
[Annotator "TA"]
[ECO "A17"]
[WhiteElo "2519"]
[BlackElo "2518"]
[PlyCount "41"]
[EventDate "2024.08.30"]
[EventType "swiss"]
[EventCountry "USA"]
[SourceTitle "playchess.com"]
[Source "ChessBase"]
[SourceQuality "1"]
[TimeControl "5400+30"]

1. Nf3 d5 2. e3 Nf6 3. c4 e6 4. Nc3 dxc4 5. Bxc4 a6 6. Be2 c5 7. O-O Nc6 8. b3 {[%emt 0:00:19] The position is equal.} Be7 9. Bb2 O-O 10. Rc1 b6 ({Black should play} 10... b5 $11) 11. d4 $14 cxd4 12. Na4 b5 13. Rxc6 bxa4 14. Bxd4 axb3 15. Qxb3 Qd5 16. Rc4 {[%emt 0:11:57] Threatens to win with Ne5. White is much more active. The black rooks are passive.} Qf5 {[%emt 0:15:35] A mistake that costs the game.} (16... Qb5 $16) 17. Bd3 $18 Qa5 {[%emt 0:04:47] [#]} 18. Bxf6 $1 gxf6 (18... Bxf6 $142 19. Be4 Bd7 (19... Ra7 $2 20. Qb8 $18) 20. Bxa8 Rxa8) 19. Be4 Ra7 20. Qb8 Qb5 21. Bxh7+ {[%emt 0:00:39] Weighted Error Value: White=0.00 (flawless) /Black=0.47.  Loses game:     	---       	Black=1      Mistake:       	---       	Black=2      Inaccurate:     	---       	Black=2      OK:         	White=11    	Black=4      Best:        	White=1     	---        Strong:       	White=1     	---} (21. Qxa7 Qxc4 22. Qxe7 Qxe4 $16) 1-0

[Event "1000 GM Labor Day Super Swiss 2024"]
[Site "San Jose"]
[Date "2024.09.02"]
[Round "6.2"]
[White "Quesada Perez, Yasser"]
[Black "Corrales Jimenez, Fidel"]
[Result "1/2-1/2"]
[Annotator "TA"]
[ECO "C42"]
[WhiteElo "2581"]
[BlackElo "2564"]
[PlyCount "20"]
[EventDate "2024.08.30"]
[EventType "swiss"]
[EventCountry "USA"]
[SourceTitle "playchess.com"]
[Source "ChessBase"]
[SourceQuality "1"]
[TimeControl "5400+30"]

1. e4 e5 2. Nf3 Nf6 3. Nxe5 d6 4. Nf3 Nxe4 5. Qe2 Qe7 6. d3 Nf6 7. Nc3 c6 8. Bg5 Qxe2+ {[%emt 0:00:06] The position is equal.} 9. Bxe2 Be7 10. O-O-O h6 {[%emt 0:00:16] An uneventful encounter.   OK:         	---       	Black=1} 1/2-1/2

[Event "1000 GM Labor Day Super Swiss 2024"]
[Site "San Jose"]
[Date "2024.09.02"]
[Round "6.3"]
[White "Macovei, Andrei"]
[Black "Harsha Bharathakoti"]
[Result "1-0"]
[Annotator "TA"]
[ECO "C54"]
[WhiteElo "2466"]
[BlackElo "2550"]
[PlyCount "73"]
[EventDate "2024.08.30"]
[EventType "swiss"]
[EventCountry "USA"]
[SourceTitle "playchess.com"]
[Source "ChessBase"]
[SourceQuality "1"]
[TimeControl "5400+30"]

1. e4 e5 2. Nf3 Nc6 3. Bc4 Bc5 4. c3 Nf6 5. d3 d6 6. O-O a6 7. a4 Ba7 8. Re1 Ng4 9. Re2 {[%emt 0:00:00] The position is equal.} Qf6 10. Qe1 O-O 11. Nbd2 (11. h3 {simplifies} Nh6 12. Be3 Bxe3 13. Rxe3 Kh8 14. Nbd2) 11... Nd8 (11... Qg6 $11 {is more appropriate.}) 12. g3 (12. h3 $14) 12... Be6 13. Kg2 b5 14. Bxe6 Nxe6 15. h3 Nh6 16. Nb3 Rfb8 (16... Qg6 $14) 17. axb5 ({Better is} 17. Na5 $16) 17... axb5 $14 18. Qd1 {[%emt 0:00:00] Active counter play!} c5 (18... g5 $1 $14) 19. Be3 $16 Kh8 20. d4 exd4 21. cxd4 c4 22. d5 Bxe3 23. Rxa8 (23. dxe6 Rxa1 24. Nxa1 (24. Qxa1 Bb6 $15) 24... Bc5 $15) 23... Rxa8 24. Rxe3 (24. dxe6 Ba7 $16) 24... Nf4+ 25. gxf4 cxb3 26. f5 {[%emt 0:00:00] Prevents Qg6+.} (26. Rxb3 $6 Qg6+ 27. Kf1 (27. Ng5 $2 f6 $19) 27... Qxe4 $11) 26... Qxb2 (26... g6 $16) 27. Rxb3 $18 ({Resist} 27. Qxb3 Qxb3 28. Rxb3 f6 $16) 27... Qa2 (27... Qf6 $142) 28. Rxb5 Qc4 29. Qb1 Rg8 30. Rb4 Qc5 31. Ng5 f6 32. Ne6 Qc3 33. Rb3 Qc8 34. Rb7 Qe8 {[%emt 0:00:38] Black is weak on the light squares} 35. Qb5 Qa8 $2 (35... Qxb5 36. Rxb5 g6 37. fxg6 Rxg6+ 38. Kf3 f5) 36. Qd7 Qa6 {[%emt 0:00:02] [#]} 37. Rb8 $3 {[%emt 0:00:30][%mdl 512] Weighted Error Value: White=0.11 (very precise) /Black=0.56.  Mistake:       	White=2     	Black=6      Inaccurate:     	White=3     	Black=4      OK:         	White=15    	Black=6      Best:        	White=3     	---} 1-0

[Event "1000 GM Labor Day Super Swiss 2024"]
[Site "San Jose"]
[Date "2024.09.02"]
[Round "6.4"]
[White "Mikaelyan, Arman"]
[Black "Sheng, Joshua"]
[Result "1/2-1/2"]
[Annotator "TA"]
[ECO "C60"]
[WhiteElo "2529"]
[BlackElo "2474"]
[PlyCount "120"]
[EventDate "2024.08.30"]
[EventType "swiss"]
[EventCountry "USA"]
[SourceTitle "playchess.com"]
[Source "ChessBase"]
[SourceQuality "1"]
[TimeControl "5400+30"]

1. e4 e5 2. Nf3 Nc6 3. Bb5 Nge7 4. c3 d5 5. Nxe5 dxe4 6. d4 {[%emt 0:04:28] C60: Ruy Lopez: Unusual Black 3rd moves and 3...g6.} exd3 7. Qf3 Be6 8. O-O Qd5 9. Qxd5 Bxd5 10. Nxd3 a6 11. Ba4 Bc4 12. Rd1 O-O-O 13. Nf4 Ng6 14. Rxd8+ Nxd8 15. Nxg6 hxg6 16. Nd2 Bd3 $146 ({Predecessor:} 16... Be6 17. Nf3 Bd6 18. h3 f6 19. Be3 g5 20. Ne1 Bf5 21. Bc2 Bd7 {½-½ Trois,F (2310)-Rubinetti,J (2380) Porto Alegre m 1976 (4)}) 17. Nf3 Bd6 18. g3 f6 19. Be3 g5 20. Bb3 g4 21. Nd2 Bf5 22. Nc4 Nc6 23. Rd1 Rd8 24. Nxd6+ Rxd6 25. Bf4 Rxd1+ 26. Bxd1 g5 27. Be3 Ne5 28. Bd4 b6 29. b4 Nf3+ 30. Bxf3 gxf3 31. h4 Bd3 32. g4 (32. Bxf6 g4 $16) 32... gxh4 33. Bxf6 Bc4 34. Bxh4 Bxa2 35. Kh2 Bd5 36. Kg3 Kd7 37. Bg5 b5 ({Black should play} 37... a5 $11) 38. Kf4 Kd6 39. Bf6 Ke6 40. Bd4 Kf7 41. Ke5 Be6 42. g5 Bc4 {[%emt 0:00:10] [#]} (42... Bc8 $1 $14) 43. Ke4 $1 $16 Kg6 {[%emt 0:00:38] [#]} 44. Be3 ({Much less strong is} 44. Kxf3 Kxg5 45. Ke4 c6 $14) (44. Bf6 $142 $1) 44... Be2 $16 45. Kd5 Bc4+ 46. Kc6 Kf5 47. Kxc7 Bd3 48. Kb6 Bf1 49. Kxa6 Be2 50. Kb6 Bf1 51. Kc6 Be2 52. Kd6 Bf1 53. Ke7 Bc4 54. Kf8 Kg6 55. Bc1 Bb3 56. Ke7 Kf5 57. Kd6 Bc4 58. Kc5 Bf1 59. Kd4 Be2 60. Bd2 Bf1 1/2-1/2

[Event "1000 GM Labor Day Super Swiss 2024"]
[Site "San Jose"]
[Date "2024.09.02"]
[Round "6.5"]
[White "Delgado Ramirez, Neuris"]
[Black "Koustav Chatterjee"]
[Result "1/2-1/2"]
[Annotator "TA"]
[ECO "C77"]
[WhiteElo "2485"]
[BlackElo "2524"]
[PlyCount "53"]
[EventDate "2024.08.30"]
[EventType "swiss"]
[EventCountry "USA"]
[SourceTitle "playchess.com"]
[Source "ChessBase"]
[SourceQuality "1"]
[TimeControl "5400+30"]

1. e4 e5 2. Nf3 Nc6 3. Bb5 a6 4. Ba4 Nf6 5. d3 b5 6. Bb3 Bc5 7. a4 b4 8. O-O d6 9. a5 O-O 10. Be3 Bxe3 11. fxe3 Ne7 12. Qe1 c5 13. Nbd2 Nc6 14. Nc4 Be6 15. Ba4 Qc7 ({Don't play} 15... Nxa5 16. Nxa5 Qxa5 17. Bc6 $14) 16. Nb6 Rad8 17. Bxc6 Qxc6 18. Ng5 {[%emt 0:01:51][%cal Of1f6] [#] Black must now prevent Rxf6! A dynamic duo of knights. The position is equal.} h6 19. Nxe6 fxe6 20. Qg3 Kh7 21. b3 Rf7 22. Rf3 Rdf8 23. Raf1 Qc7 24. Qh3 Qe7 25. Qg3 Qc7 26. Qh3 Qe7 27. Qg3 {[%emt 0:00:05] Weighted Error Value: White=0.05 (flawless) /Black=0.04 (flawless) .  Inaccurate:     	White=1     	---        OK:         	White=10    	Black=13} 1/2-1/2

[Event "1000 GM Labor Day Super Swiss 2024"]
[Site "San Jose"]
[Date "2024.09.02"]
[Round "6.6"]
[White "Bansal, Advay"]
[Black "Batchuluun, Tsegmed"]
[Result "1/2-1/2"]
[Annotator "TA"]
[ECO "C54"]
[WhiteElo "2234"]
[BlackElo "2458"]
[PlyCount "125"]
[EventDate "2024.08.30"]
[EventType "swiss"]
[EventCountry "USA"]
[SourceTitle "playchess.com"]
[Source "ChessBase"]
[SourceQuality "1"]
[TimeControl "5400+30"]

1. e4 e5 2. Nf3 Nc6 3. Bc4 Bc5 4. O-O Nf6 5. d3 d6 6. c3 a5 7. Re1 O-O 8. h3 h6 9. Nbd2 Be6 10. Bb5 Qb8 11. Bxc6 bxc6 12. d4 exd4 13. cxd4 Bb6 14. a4 Qa7 15. Ra3 Bxd4 16. Nxd4 Qxd4 17. Qc2 c5 18. Rae3 (18. e5 {with more complications.} dxe5 19. Rd3 Bf5 20. Rxd4 Bxc2 21. Rc4) 18... Nd7 19. b3 (19. Rg3 $11) 19... Qb4 $15 20. Bb2 f6 21. f4 Rab8 22. Ba1 Kh8 23. Rg3 Bg8 (23... Rfe8 $15) 24. Re2 (24. e5 $11 Bh7 (24... Qxf4 $2 25. Qg6 $18) 25. Qd1 dxe5 (25... Qxf4 26. Rg4 $11) 26. fxe5 Nxe5 27. Bxe5 fxe5 28. Nc4) 24... Rfe8 ({Black should play} 24... Rbe8 $17 25. Qd1 Re7) 25. Kh2 (25. e5 $1 $15 Bh7 (25... fxe5 26. fxe5 Bh7 27. Qd1 $11) (25... Qxf4 $2 26. Qg6 $18) (25... dxe5 26. Bc3 $17) 26. Qd1 Qxf4 27. Rf3) 25... Re7 (25... d5 $17 26. Bc3 Qb6) 26. Ree3 (26. e5 $15 {feels stronger.} dxe5 (26... fxe5 27. fxe5 dxe5 28. Rge3 $17) 27. fxe5 Nxe5 28. Bxe5 fxe5 (28... Rxe5 $2 29. Rxe5 Bh7 30. Re4 $18) 29. Re4) 26... Rbe8 $1 $17 27. Bc3 Qb6 (27... Qb8 $142 $1 28. Nc4 (28. Bxa5 d5 $19) 28... Qa8) 28. Qb2 (28. Nc4 $142 Bxc4 29. bxc4) 28... d5 29. exd5 Rxe3 30. Rxe3 Rxe3 31. Nc4 Rxh3+ 32. Kxh3 Qb7 33. Nxa5 Qxd5 34. Qd2 Qe4 35. Kh2 Nb6 36. Qf2 Bd5 37. Qg3 Qe2 38. f5 Qc2 39. Be1 Qe4 40. Bf2 Qb4 (40... Qxf5 $19 41. Bxc5 Na8) 41. Be1 $17 {[%emt 0:00:56] [#]} Qe4 (41... Qd4 $1 $17 42. Qxc7 Qe4) 42. Bf2 $19 Qc2 $2 (42... Qxf5 $19 {White must now prevent ...Qc2.} 43. Bxc5 Na8) 43. Kg1 $2 (43. Be1 $1 $11 {and White is okay.}) 43... Qd2 (43... Qxf5 44. Qxc7 Qg4 45. Qb8+ Kh7 46. Qg3 Qd1+ 47. Kh2) 44. Be1 Qd1 45. Kh2 Qc2 46. Bf2 Qxf5 47. Bxc5 {[%emt 0:00:18] [#]} Bxg2 ({Black should try} 47... Nd7 $1 $19 48. Bf2 (48. Bd4 Qe4) 48... Ne5) 48. Bf8 $1 $15 g5 49. Kxg2 Qxa5 50. Qxc7 Qd5+ 51. Kg1 Nd7 ({Not} 51... Qxb3 52. Qg7#) 52. Bd6 Qd4+ 53. Kf1 Qd1+ 54. Kf2 Qd2+ 55. Kf1 Qd3+ 56. Kg1 Qe3+ 57. Kg2 Qe2+ 58. Kg1 Ne5 59. Bxe5 fxe5 60. Qd8+ Kg7 61. Qe7+ Kg6 62. Qe6+ Kg7 63. Qe7+ 1/2-1/2

[Event "1000 GM Labor Day Super Swiss 2024"]
[Site "San Jose"]
[Date "2024.09.02"]
[Round "6.7"]
[White "Hevia Alejano, Carlos Antonio"]
[Black "Yim, Sung Ho"]
[Result "1/2-1/2"]
[Annotator "TA"]
[ECO "D00"]
[WhiteElo "2414"]
[BlackElo "2291"]
[PlyCount "43"]
[EventDate "2024.08.30"]
[EventType "swiss"]
[EventCountry "USA"]
[SourceTitle "playchess.com"]
[Source "ChessBase"]
[SourceQuality "1"]
[TimeControl "5400+30"]

1. d4 Nf6 2. Bf4 d5 3. e3 e6 4. c3 Bd6 5. Nd2 c5 {[%emt 0:02:19] The position is equal.} 6. Bg3 Qc7 7. Ngf3 Nbd7 8. Bb5 O-O 9. O-O e5 10. Bxd7 Nxd7 11. e4 {[%emt 0:13:33] White wants to play Re1.} exd4 12. cxd4 {[%emt 0:05:14] [#] Hoping for e5.} Bxg3 13. hxg3 cxd4 14. Nxd4 Nf6 15. exd5 Qc5 16. N2f3 Qxd5 17. Re1 Bg4 18. Qa4 a6 19. Re5 Qd7 20. Qb4 Bxf3 21. Nxf3 Rfe8 {[%emt 0:00:26] Repels Re7} 22. Rc1 {[%emt 0:02:58] An uneventful encounter.   Weighted Error Value: White=0.04 (flawless) /Black=0.04 (flawless) .  OK:         	White=6     	Black=8} 1/2-1/2

[Event "1000 GM Labor Day Super Swiss 2024"]
[Site "San Jose"]
[Date "2024.09.02"]
[Round "6.8"]
[White "Garcia Guerrero, Isaac Antonio"]
[Black "Chen, Ryo"]
[Result "0-1"]
[Annotator "TA"]
[ECO "D04"]
[WhiteElo "2291"]
[BlackElo "2408"]
[PlyCount "134"]
[EventDate "2024.08.30"]
[EventType "swiss"]
[EventCountry "USA"]
[SourceTitle "playchess.com"]
[Source "ChessBase"]
[SourceQuality "1"]
[TimeControl "5400+30"]

1. Nf3 Nf6 2. b3 g6 3. Bb2 Bg7 4. e3 c5 5. Be2 d5 6. O-O O-O 7. d4 cxd4 8. Nxd4 {[%emt 0:01:26] Nowadays more popular than 8.exd4.} Re8 {[%emt 0:03:12] D04: Colle System.} 9. Nf3 Nc6 10. c4 e5 11. Na3 e4 12. Nd4 Ne5 13. cxd5 $146 ({Predecessor:} 13. c5 a6 14. h3 Qa5 15. Rc1 Bd7 16. Qe1 Qxe1 17. Rfxe1 Nd3 18. Bxd3 exd3 19. Nb1 {1-0 Calabrese,C-Petruzzelli,R (2038) ITA CIM28 email 2011 [135]}) 13... Nxd5 14. Nc4 Qg5 15. Kh1 Nxc4 16. bxc4 Nc7 17. Rb1 b6 18. f4 Qh4 19. Nb5 Nxb5 20. cxb5 Be6 21. Bxg7 Kxg7 22. Qc2 (22. Rc1 $11 {remains equal.}) 22... Rac8 $17 23. Qxe4 Bxa2 24. Qd4+ Qf6 {[%emt 0:00:13][%cal Of6d4] White must now prevent ...Qxd4!} 25. Rb2 (25. Qxf6+ Kxf6 26. Ra1 Bb3 $19) 25... Qxd4 26. exd4 Bc4 27. Bxc4 Rxc4 28. h3 Rxd4 29. f5 {[%emt 0:00:10] [#]} g5 $1 30. Rc1 Re5 31. f6+ Kxf6 32. Rc7 Re7 33. Rf2+ Rf4 34. Rxf4+ gxf4 35. Rc4 Kf5 36. Kg1 Re5 37. Rc7 Kf6 (37... Rxb5 38. Rxf7+ Ke4 39. Rxa7 $17) 38. Rxa7 Rxb5 39. Ra4 (39. Kf2 $17 {was worth a try.}) 39... Kg5 40. Ra7 Kg6 41. Ra4 f3 42. gxf3 Rb2 (42... h5 $17 {aiming for ...Rb2.} 43. Kf2 Kf6) 43. Rg4+ $11 Kf5 {[%emt 0:00:00] Threatens to win with ...h5.} 44. Rh4 f6 {[%emt 0:00:00] Hoping for ...b5.} 45. Rxh7 Kf4 46. h4 $2 (46. Rg7 $11) 46... b5 $2 ({Stronger than} 46... Kxf3 47. Rh6 $11) ({Black should try} 46... Kg3 $1 $19 47. Kf1 Kxf3) 47. h5 $11 b4 48. Rb7 (48. Rg7 {is more complex.} b3 49. h6 Rc2 50. Rb7) 48... Kg5 49. Rb5+ Kh6 50. Rb6 Kxh5 51. Rxf6 Kg5 52. Rf8 b3 {[%emt 0:00:35] ( -> ...Rd2)} 53. Rb8 Kf4 54. Kf1 Kxf3 55. Ke1 Ke3 56. Re8+ Kd3 57. Rd8+ Kc2 58. Rc8+ Kb1 59. Rb8 Kc1 60. Rb7 Rb1 61. Ke2 Kb2 62. Kd2 Rh1 63. Rb8 Rh7 64. Rd8 Ka2 65. Ra8+ {[%emt 0:00:00] [#]} Kb1 $1 66. Rd8 b2 67. Rd6 Ra7 0-1

[Event "1000 GM Labor Day Super Swiss 2024"]
[Site "San Jose"]
[Date "2024.09.02"]
[Round "6.9"]
[White "Sivakumar, Shaashwath"]
[Black "Atwell, Rose"]
[Result "0-1"]
[Annotator "TA"]
[ECO "D12"]
[WhiteElo "2321"]
[BlackElo "2208"]
[PlyCount "88"]
[EventDate "2024.08.30"]
[EventType "swiss"]
[EventCountry "USA"]
[SourceTitle "playchess.com"]
[Source "ChessBase"]
[SourceQuality "1"]
[TimeControl "5400+30"]

1. d4 d5 2. c4 c6 3. Nf3 Nf6 4. e3 Bf5 5. Nc3 e6 6. Nh4 Bg6 7. Nxg6 hxg6 8. Bd2 Nbd7 9. g3 Be7 10. b3 {[%emt 0:00:19] White is slightly better.} Ne4 11. Nxe4 dxe4 12. Bg2 f5 13. Qc2 Nf6 14. Bc3 (14. f3 $14) 14... a5 15. f3 exf3 16. Bxf3 Qb6 17. O-O e5 18. dxe5 Qxe3+ 19. Kh1 (19. Kg2 $16 Qh6 20. h4 (20. exf6 $2 Qxh2#)) 19... Nh5 $11 20. Kg2 Qh6 $1 {[%emt 0:02:33][%cal Oh5g3] White must now prevent ...Nxg3!} 21. Qf2 {[%emt 0:11:21] [#]} (21. Rh1 $11) 21... Nf4+ $1 $17 22. Kh1 {[%emt 0:00:59] [#]} Bc5 $1 23. Qc2 {[%emt 0:01:00] [#]} (23. Qb2 Ne6) 23... Nd3 24. Qg2 O-O 25. Qe2 Rfd8 26. Bd2 {[%emt 0:04:47] Wards off Qe3} Qh3 (26... g5 $11) 27. Bg5 (27. Bd5+ $1 $16 cxd5 28. Qxd3) 27... Rd4 {[%emt 0:03:18] [#]} (27... Rd7 $1 $11 {and Black is okay.}) 28. Be3 $1 $36 {[%emt 0:00:16][%mdl 2048] White has strong initiative. A strong pair of Bishops.} Nxe5 (28... Rd7 $16) 29. Bxd4 Bxd4 30. Rad1 c5 (30... Nxf3 {is tougher.} 31. Rxf3 (31. Qxf3 Bf6 $16) 31... Bf6 32. Qe6+ Kh7) 31. Bxb7 $2 (31. Bd5+ Kh8 32. Rxd4 (32. Bxb7 Rd8 $18) 32... cxd4 33. Bg2) 31... Re8 32. Bd5+ Kh7 33. Bg2 Qh6 ({Don't blunder} 33... Qxh2+ $2 34. Kxh2 Ng4+ 35. Qxg4 fxg4 36. Rf4 $18) 34. h3 (34. h4 $16) 34... Qg5 $11 35. Bd5 (35. Qe1 $11 {remains equal.}) 35... Qxg3 $17 36. Qg2 Qh4 {[%emt 0:01:07][%mdl 1024] aiming for ...Ng4. Black has strong compensation. Black is more active.} 37. Rde1 {[%emt 0:00:03] [#]} (37. Qh2 $17) 37... g5 $1 $19 38. Re2 g6 {[%emt 0:01:50] Threatens to win with ...g4.} 39. Qh2 f4 (39... Kg7 $19 {[%cal Oe5g4] Strongly threatening ...Ng4!} 40. Bg2 f4) 40. Qg2 $17 {[%emt 0:00:39] Inhibits Ng4.} Be3 (40... Kg7 $17 {...Kf6 would now be deadly.} 41. Re4 Qh5 (41... Rh8 42. Be6 $19)) 41. Rd1 $2 (41. Be6 $11 {and White stays safe.} Bd4 (41... Rxe6 42. Qb7+ Kg8 43. Qc8+ Kf7 44. Rxe3 $11) 42. Bg4) 41... g4 $19 {[%emt 0:00:44][%cal Of4f3] ...f3! is the strong threat.} 42. Qh2 {[%emt 0:01:09] White is weak on the dark squares} (42. Qf1 $142) 42... gxh3 43. Rg1 {[%emt 0:00:38] Wards off Ng4} Ng4 44. Rxe3 Rxe3 {[%emt 0:00:19] Weighted Error Value: White=0.87/Black=0.37.  Loses game:     	White=1     	---        Mistake:       	White=9     	Black=8      Inaccurate:     	White=4     	Black=1      OK:         	White=8     	Black=9      Best:        	White=4     	Black=6      Strong:       	White=1     	Black=2      Brilliant:      	---       	Black=1} 0-1

[Event "1000 GM Labor Day Super Swiss 2024"]
[Site "San Jose"]
[Date "2024.09.02"]
[Round "6.10"]
[White "Deng, Henry"]
[Black "Wu, Derek"]
[Result "1/2-1/2"]
[Annotator "TA"]
[ECO "C07"]
[WhiteElo "2338"]
[BlackElo "2278"]
[PlyCount "98"]
[EventDate "2024.08.30"]
[EventType "swiss"]
[EventCountry "USA"]
[SourceTitle "playchess.com"]
[Source "ChessBase"]
[SourceQuality "1"]
[TimeControl "5400+30"]

1. e4 e6 2. d4 d5 3. Nd2 c5 4. exd5 Qxd5 5. Ngf3 cxd4 6. g3 Nc6 7. Bg2 Nf6 8. O-O {[%emt 0:02:29][%mdl 1024] White has compensation. White has an edge.} Qd8 9. Nb3 {[%emt 0:04:29] Prevents Bc5.} d3 10. c3 Be7 11. Re1 O-O 12. Nfd4 Bd7 13. Qxd3 Nd5 14. Bd2 Bf6 15. Nc2 Ne5 16. Qe2 Rc8 17. Ne3 {[%emt 0:03:22] Wards off Nc4} a6 18. Nd4 {[%emt 0:03:37] Inhibits Bb5.} Nc6 19. Nxd5 exd5 20. Nxc6 ({Much weaker is} 20. Bxd5 Bxd4 21. cxd4 Nxd4 $11) 20... Bxc6 21. Be3 Qa5 22. Qg4 Rfe8 23. Red1 Re6 24. a3 Rd8 25. Rd2 Red6 26. Bd4 Bxd4 27. Qxd4 h6 28. Re1 Qc7 29. Rde2 Qc8 30. Re5 Qd7 31. Bf1 Bb5 32. Re7 Qc6 33. Bg2 Qc8 ({Better is} 33... b6 $14) 34. Rd1 (34. R1e5 $16) 34... Bc4 35. Qe3 {[%emt 0:00:38] White has more active pieces.} R6d7 36. Re5 Rd6 37. Rd4 Re6 38. Rd1 {[%emt 0:01:17] The position is equal.} (38. Bxd5 $2 {too greedy.} Bxd5 39. Rxe6 Bxe6 $19) 38... Rxe5 39. Qxe5 Re8 40. Qd4 Re2 41. Bxd5 Bxd5 42. Qxd5 Rxb2 43. Qd8+ Qxd8 44. Rxd8+ $11 {[%emt 0:00:03][%mdl 4096] Endgame. KR-KR} Kh7 45. Rb8 Kg6 46. c4 f6 47. Kg2 Kf5 48. c5 {[%emt 0:00:00] Hoping for c6.} Rb5 49. a4 Rxc5 {[%emt 0:00:00] Weighted Error Value: White=0.11 (very precise) /Black=0.10 (very precise) .  Mistake:       	White=1     	Black=1      Inaccurate:     	White=3     	Black=5      OK:         	White=19    	Black=13     Best:        	White=1     	Black=3} 1/2-1/2

[Event "1000 GM Labor Day Super Swiss 2024"]
[Site "San Jose"]
[Date "2024.09.02"]
[Round "6.11"]
[White "Yoo, Christopher Woojin"]
[Black "Chinni, Rishabh"]
[Result "1/2-1/2"]
[Annotator "RC"]
[ECO "D38"]
[WhiteElo "2616"]
[BlackElo "2220"]
[PlyCount "92"]
[EventDate "2024.08.30"]
[EventType "swiss"]
[EventCountry "USA"]
[SourceTitle "playchess.com"]
[Source "ChessBase"]
[SourceQuality "1"]
[TimeControl "5400+30"]

1. Nf3 Nf6 2. c4 e6 3. Nc3 d5 4. d4 Bb4 5. Qa4+ Nc6 6. e3 Ne4 7. Qc2 O-O 8. Bd3 f5 9. O-O Na5 10. cxd5 exd5 11. Ne2 Bd6 12. a3 Be6 13. Ne5 c5 14. Nf4 Qf6 15. f3 c4 16. Qa4 Nc5 17. Qxa5 cxd3 18. dxc5 Bxe5 19. Nxd3 f4 20. Qb4 a5 21. Qb6 fxe3 22. Bxe3 Bf5 23. Qxb7 Rad8 24. Rad1 Bxd3 25. Rxd3 Qh4 26. f4 Bxf4 27. Bxf4 Rxf4 28. Rxf4 Qxf4 29. Qe7 Qc1+ 30. Kf2 Qxb2+ 31. Kg3 Qb8+ 32. Kh3 Qc8+ 33. g4 Re8 34. Qd6 Rd8 35. Qb6 h5 36. Rd4 hxg4+ 37. Rxg4 Rf8 38. Qd6 Qf5 39. Qg6 Qf1+ 40. Kh4 Qf2+ 41. Kh3 Qf1+ 42. Rg2 Rf3+ 43. Kh4 Rf4+ 44. Rg4 Qf2+ 45. Kh3 Qf1+ 46. Kh4 Qf2+ 1/2-1/2

[Event "1000 GM Labor Day Super Swiss 2024"]
[Site "San Jose"]
[Date "2024.09.02"]
[Round "6.12"]
[White "Guo, Andrew"]
[Black "Sivakumar, Shaaketh"]
[Result "1/2-1/2"]
[Annotator "TA"]
[ECO "E08"]
[WhiteElo "2207"]
[BlackElo "2307"]
[PlyCount "63"]
[EventDate "2024.08.30"]
[EventType "swiss"]
[EventCountry "USA"]
[SourceTitle "playchess.com"]
[Source "ChessBase"]
[SourceQuality "1"]
[TimeControl "5400+30"]

1. d4 e6 2. c4 Nf6 3. g3 d5 4. Bg2 Bb4+ 5. Bd2 Be7 6. Nf3 O-O 7. O-O c6 8. Qc2 Nbd7 9. Bf4 a5 10. Rd1 a4 11. Ne5 Nh5 12. Bd2 f5 13. Nd3 {[%emt 0:03:28] White is more active.} Nhf6 14. Bb4 Bxb4 15. Nxb4 Ne4 16. e3 g5 17. Nd2 g4 18. Nd3 Qe7 19. Nf4 Ndf6 20. Nxe4 fxe4 21. Qc3 Bd7 22. h4 b5 23. cxb5 cxb5 24. Rac1 Rfc8 25. Qd2 Kf7 26. Rxc8 Rxc8 27. Rc1 Rxc1+ 28. Qxc1 Qd6 {[%emt 0:00:16] [#]} 29. a3 $1 b4 {[%emt 0:00:36][%cal Bb5b4,Bb4b3][%mdl 32] [#]} 30. Bf1 (30. axb4 $1 $16 {Qc5 is the strong threat.} Qxb4 31. Bf1) 30... Qb6 (30... b3 $1 $14) 31. Qd2 (31. axb4 $16 {Black must now prevent Qc3.} Qxb4 32. Be2) 31... b3 $1 $14 32. Qc3 {[%emt 0:01:40] Prevents Qc7.   Weighted Error Value: White=0.11 (very precise) /Black=0.11 (very precise) .  Mistake:       	White=2     	Black=1      Inaccurate:     	White=1     	Black=5      OK:         	White=7     	Black=6      Strong:       	White=1     	Black=1} 1/2-1/2

[Event "1000 GM Labor Day Super Swiss 2024"]
[Site "San Jose"]
[Date "2024.09.02"]
[Round "6.13"]
[White "Kiewra, Keaton"]
[Black "Montes Orozco, Miguel Angel"]
[Result "0-1"]
[Annotator "RC"]
[ECO "A09"]
[WhiteElo "2287"]
[BlackElo "2155"]
[PlyCount "98"]
[EventDate "2024.08.30"]
[EventType "swiss"]
[EventCountry "USA"]
[SourceTitle "playchess.com"]
[Source "ChessBase"]
[SourceQuality "1"]
[TimeControl "5400+30"]

1. Nf3 d5 2. c4 d4 3. b4 f6 4. d3 e5 5. b5 Ne7 6. Ba3 a6 7. bxa6 Nxa6 8. g3 Nf5 9. Bxf8 Kxf8 10. Bg2 g6 11. O-O Kg7 12. Nbd2 Nc5 13. Nb3 Na4 14. c5 h5 15. h4 Qe7 16. Qc1 Be6 17. Nfd2 Nc3 18. Re1 c6 19. Ne4 Nxe4 20. dxe4 Nh6 21. Qb2 Ng4 22. a4 Ra7 23. Ra3 Kh7 24. Bh3 g5 25. hxg5 fxg5 26. e3 dxe3 27. f3 Nf2 28. Bf1 Qf6 29. Qe2 h4 30. Qxe3 hxg3 31. Nd2 Kg7 32. Bg2 Qh6 33. Kf1 Nh3 34. Bxh3 Qxh3+ 35. Ke2 Kf6 36. Kd3 Rd8+ 37. Kc2 Rd4 38. a5 Ra8 39. Rd3 Rad8 40. Rxd4 Rxd4 41. Re2 Qh8 42. Rg2 Qh4 43. Nf1 Bh3 44. Qg1 Bxg2 45. Qxg2 Qf4 46. Qh3 Ke7 47. Ne3 Qxe3 48. Qh7+ Kd8 49. Qh8+ Kd7 0-1